 Dungeon Crawl Stone Soup version 0.20.1-1-g8b1a95d (webtiles) character file.

234 dohliylev the Sneak (level 5, 0/37 HPs)
             Began as a Vampire Enchanter on Aug 8, 2017.
             Slain by an orc wizard
             ... wielding a +0 dagger
              (1 damage)
             ... on level 4 of the Dungeon.
             The game lasted 00:09:48 (3263 turns).

dohliylev the Sneak (Vampire Enchanter)             Turns: 3263, Time: 00:09:49

Health: 0/37       AC:  3    Str:  7    XL:     5   Next: 75%
Magic:  1/9        EV: 13    Int: 18    God:
Gold:   225        SH:  0    Dex: 15    Spells: 3/9 levels left

rFire    . . .     SeeInvis +   a - +1 dagger
rCold    . . .     Gourm    .   (no shield)
rNeg     + . .     Faith    .   b - +0 robe
rPois    .         Spirit   .   (no helmet)
rElec    .         Reflect  .   (no cloak)
rCorr    .         Harm     .   h - +0 pair of gloves
MR       .....                  (no boots)
Stlth    +++.......             (no amulet)
Regen    0.2/turn               (no ring)
MPRegen  0.2/turn               (no ring)

@: slowed, very slow
A: fangs 3, see invisible, unbreathing
a: Bat Form


You were on level 4 of the Dungeon.
You were not thirsty.

You visited 1 branch of the dungeon, and saw 4 of its levels.

You collected 225 gold pieces.

Inventory:

Hand Weapons
 a - a +1 dagger (weapon)
 s - a +4 rapier
Armour
 b - a +0 robe (worn)
 h - a +0 pair of gloves (worn)
Wands
 r - a wand of scattershot (1/9)
Scrolls
 f - 2 scrolls of remove curse
 i - a scroll of immolation {unknown}
 k - a scroll of amnesia {unknown}
 l - 2 scrolls of teleportation {unknown}
 m - a scroll of identify {unknown}
Potions
 d - 10 potions of blood
 e - 2 potions of curing {unknown}
 g - a potion of haste {unknown}
 j - 2 potions of ambrosia {unknown}
 n - a potion of invisibility {unknown}
 o - 2 potions of degeneration {unknown}
 p - a potion of brilliance {unknown}
 q - a potion of might {unknown}
Books
 c - a book of Maledictions

   Spells                             Type                      Level
   a - Corona                         Hexes                        1
   b - Ensorcelled Hibernation        Hexes/Ice                    2
   c - Confuse                        Hexes                        3
   d - Tukima's Dance                 Hexes                        3
   e - Dazzling Spray                 Conjuration/Hexes            3


   Skills:
 + Level 1.0 Fighting
 + Level 2.1 Short Blades
 + Level 3.1 Dodging
 + Level 6.4 Stealth
 + Level 2.9 Spellcasting
 + Level 5.4 Hexes
 + Level 1.6 Ice Magic


You had 3 spell levels left.
You knew the following spells:

 Your Spells              Type           Power        Failure   Level  Hunger
a - Corona                Hex            ###....      1%          1    None
b - Ensorcelled Hibernat  Hex/Ice        ###...       6%          2    ##.....
c - Confuse               Hex            ###.....     5%          3    ###....


Dungeon Overview and Level Annotations

Branches:
Dungeon (4/15)
 Temple: D:4-7

Altars:
Ashenzari


Innate Abilities, Weirdness & Mutations

You have razor-sharp teeth.
You have supernaturally acute eyesight. (SInv)
You can survive without breathing.


Message History

The orc wizard hits you with a dagger.
The orc wizard points at you and mumbles some strange words.
The magic dart hits you!
* * * LOW HITPOINT WARNING * * *
The orc wizard casts a spell at you. The magic dart hits you!
* * * LOW HITPOINT WARNING * * *
The orc wizard is no longer moving quickly.
The orc wizard gestures at you while chanting.
You feel as though you will be slow longer.
The orc wizard hits you with a dagger.
* * * LOW HITPOINT WARNING * * *
You closely miss the orc wizard. You bite the orc wizard.
The orc wizard is lightly wounded.
The orc wizard completely misses you.
As you read the scroll labeled HUUXOSA BOSI, it crumbles to dust.
You feel blessed for a moment.
It was a scroll of remove curse.
The orc wizard hits you but does no damage.
The orc wizard hits you with a dagger.
You die...

#.######.........#
#.....##.........#
##....##.........#
###....###.......##
##......# ##.....##
#..##.#########.##
#.###.# ........)#
######.# #o# .....<...#
#>..)..# #@# .>.......##
##.###### #.#
..........#### #####..#
###.# .............#
##..)..##
###....##.........###.#
...##### #..
#.............# #.# #†.#
#.###..# ........# #..
#..##### ##.##...#
###.########. .....[.#
#.....#.# ###.. #....
.#####†###..[....##.....
#....


You could see an orc wizard.

Vanquished Creatures
  A scorpion (D:4)
  A bullfrog zombie (D:3)
  A worker ant (D:4)
  4 adders
  An adder skeleton (D:4)
  2 dart slugs (D:3)
  4 leopard geckos
  13 orcs
  2 ball pythons
  6 giant cockroaches
  3 goblins
  2 hobgoblins
  6 jackals
  4 quokkas
  3 bats
  4 frilled lizards
  8 kobolds
  7 rats
72 creatures vanquished.

Notes
Turn   | Place    | Note
-------+----------+-------------------------------------------
     0 | D:1      | dohliylev the Vampire Enchanter began the quest for the Orb.
     0 | D:1      | Reached XP level 1. HP: 13/13 MP: 3/3
   234 | D:1      | Reached XP level 2. HP: 3/19 MP: 5/5
   251 | D:1      | Learned a level 2 spell: Ensorcelled Hibernation
   784 | D:2      | Reached skill level 5 in Stealth
   866 | D:2      | Found a shattered altar of Ashenzari.
   926 | D:2      | Reached XP level 3. HP: 23/24 MP: 2/6
  1864 | D:3      | Reached skill level 5 in Hexes
  2238 | D:3      | Reached XP level 4. HP: 30/30 MP: 2/7
  2684 | D:3      | Learned a level 3 spell: Confuse
  2696 | D:3      | Reached skill level 6 in Stealth
  2696 | D:3      | Reached skill level 1 in Ice Magic
  2855 | D:4      | Reached XP level 5. HP: 36/36 MP: 3/9
  3218 | D:4      | Reached skill level 1 in Fighting
  3261 | D:4      | HP: 1/37 [orc wizard/dagger (3)]
  3263 | D:4      | Slain by an orc wizard

Skill      XL: |  1  2  3  4  5 |
---------------+----------------+-----
Stealth        | 5 6 |  6.4
Hexes          | 5 |  5.4
Short Blades   | 2 |  2.1
Ice Magic      | 1 |  1.6
Fighting       | 1 |  1.0
Dodging        | 3 |  3.1
Spellcasting   | |  2.9

Action                   |  1- 3 |  4- 6 || total
-------------------------+-------+-------++-------
Melee: Dagger            |   148 |    81 ||   229
       Bite              |    11 |     7 ||    18
       Unarmed           |     1 |       ||     1
 Cast: Ensorcelled Hiber |    28 |    22 ||    50
       Corona            |       |     2 ||     2
       Confuse           |       |     1 ||     1
 Abil: End Transformatio |     1 |       ||     1
       Bat Form          |     1 |       ||     1
  Use: Potion            |       |     3 ||     3
       Scroll            |       |     1 ||     1
 Stab: Sleeping          |    28 |    10 ||    38
       Confused          |       |     2 ||     2
  Eat: Corpse            |     9 |     3 ||    12
Armor: Robe              |    33 |    10 ||    43
Dodge: Dodged            |   101 |    55 ||   156
